 Dungeon Crawl Stone Soup version 0.29-a0-483-g69413ace17 (webtiles) character file.

Game seed: 14466098327435586644

6 xian the Conjurer (level 1, -2/14 HPs)
             Began as a Draconian Conjurer on May 26, 2022.
             Frozen to death by an endoplasm (4 damage)
             ... on level 1 of the Dungeon.
             The game lasted 00:00:22 (132 turns).

xian the Conjurer (Draconian Conjurer)               Turns: 132, Time: 00:00:24

Health: -2/14      AC:  4    Str:  9    XL:     1   Next: 75%
Magic:  0/3        EV: 12    Int: 18    God:
Gold:   0          SH:  0    Dex:  9    Spells: 3/4 levels left

rFire   . . .      SeeInvis .   b - +0 whip
rCold   . . .      Faith    .   (no shield)
rNeg    . . .      Spirit   .   (body armour unavailable)
rPois   .          Reflect  .   (helmet restricted)
rElec   .          Harm     .   (no cloak)
rCorr   .          Rampage  .   (no gloves)
Will    .....                   (no boots)
Stlth   ++........              (no amulet)
HPRegen 0.04/turn               (no ring)
MPRegen 0.08/turn               (no ring)

@: slowed, very slow
A: AC +4, unfitting armour, cold-blooded
a: no special abilities


You were on level 1 of the Dungeon.
You visited 1 branch of the dungeon, and saw 1 of its levels.

Inventory:

Hand Weapons
 b - a +0 whip (weapon)
Potions
 a - a potion of magic


   Skills:
 + Level 1.7 Dodging
 + Level 1.8 Stealth
 + Level 2.0 Spellcasting
 + Level 4.2 Conjurations


You had 3 spell levels left.
You knew the following spells:

 Your Spells              Type           Power      Damage    Failure   Level
a - Magic Dart            Conj           68%        1d6       3%          1

Your spell library contained the following spells:

 Spells                   Type           Power      Damage    Failure   Level
 Searing Ray              Conj           34%        2d5       4%          2
 Dazzling Flash           Conj/Hex       18%        N/A       22%         3
 Fulminant Prism          Conj/Hex       4%         3d6       58%         4
 Iskenderun's Mystic Bla  Conj/Tloc      9%         2d4       58%         4


Dungeon Overview and Level Annotations

Branches:
Dungeon (1/15)

Altars:


Innate Abilities, Weirdness & Mutations

Your plain brown scales are hard. (AC +4)
You cannot fit into any form of body armour.
You are cold-blooded and may be slowed by cold attacks.


Message History

An endoplasm comes into view.
You completely miss the frilled lizard.
The endoplasm quivers.
The frilled lizard bites you.
The ball python hisses angrily.
You hit the frilled lizard.
You kill the frilled lizard!
You closely miss the goblin. The goblin closely misses you.
The goblin attacks as you move away! The goblin hits you with a +0 club.
The goblin closely misses you. The goblin attacks as you move away!
The goblin hits you but does no damage.
The magic dart hits the goblin.
You kill the goblin!
The ball python attacks as you move away!
The ball python barely misses you. x2
The ball python attacks as you move away!
The ball python barely misses you. x2
The ball python barely misses you. x2
The ball python misses you. The ball python closely misses you.
Things that are here:
a +0 whip; a kobold corpse
b - a +0 whip The ball python misses you.
The ball python closely misses you.
b - a +0 whip (weapon)
The ball python bites you but does no damage.
The ball python closely misses you.
The magic dart hits the ball python.
You kill the ball python!
You hit the endoplasm.
The endoplasm is moderately wounded.
The endoplasm freezes you.
You are frozen.
You feel yourself slow down.
You hit the endoplasm but do no damage.
You tail-slap the endoplasm, but do no damage.
The endoplasm is moderately wounded.
The endoplasm hits you.
* * * LOW HITPOINT WARNING * * *
The endoplasm freezes you.
You are frozen.
You die...

####### #.....#
##### ####.....#
#...# ###.....@..#
###.#.###.....#J####
..........#...#.#
#####.#####...#.#
...#### ##.##.#
.....## #.##.#
......# #.##)#
.⌠....# #.##.# ...
......# .##.# ...


You could see an endoplasm.

Vanquished Creatures
  2 goblins (D:1)
  A ball python (D:1)
  A frilled lizard (D:1)
  2 kobolds (D:1)
6 creatures vanquished.

Notes
Turn   | Place    | Note
-------+----------+-------------------------------------------
     0 | D:1      | xian the Draconian Conjurer began the quest for the Orb.
     0 | D:1      | Reached XP level 1. HP: 14/14 MP: 3/3
   132 | D:1      | Frozen to death by an endoplasm

Illustrated notes

Levels and vault maps discovered:
D:1:      dpeg_arrival_three_same_balls, layout_rooms,
          dreamdust_ecumenical_altar_sealed_demon, minivault_24,
          minmay_misc_feat_square, minmay_pentomino_u4

Action                   || total
-------------------------++-------
Melee: Unarmed           ||     5
       Whip              ||     2
       Tailslap          ||     1
 Cast: Magic Dart        ||     7
Armor: Skin              ||     3
Dodge: Dodged            ||    14

Table legend: (Time is in decaauts)
 A = Elapsed time spent in this place.
 B = Non-inter-level travel time spent in this place.
 C = Inter-level travel time spent in this place.
 D = Time resting spent in this place.
 E = Time spent auto-exploring this place.
 F = Levels seen in this place.
 G = Mean time per level.
                   A        B        C        D        E       F      G
               +--------+--------+--------+--------+--------+-----+--------+
         Total |    131 |    131 |      0 |      0 |     95 |   1 |  131.0 |
       Dungeon |    131 |    131 |      0 |      0 |     95 |   1 |  131.0 |
               +--------+--------+--------+--------+--------+-----+--------+

Top non-repeatable levels by time:
     D:1: 131 daAuts
